 Dungeon Crawl Stone Soup version 0.28.0-45-g0d030f2227 (webtiles) character file.

Game seed: 861109487838784639

217 Ablot the Cutter (level 5, -4/45 (47) HPs)
             Began as a Gnoll Chaos Knight on Apr 13, 2022.
             Was a Plaything of Xom.
             Slain by Crazy Yiuf
             ... wielding a +4 quarterstaff of chaos
              (11 damage)
             ... on level 2 of the Dungeon.
             The game lasted 00:02:22 (1309 turns).

Ablot the Cutter (Gnoll Chaos Knight)               Turns: 1309, Time: 00:02:23

HP:   -4/45 (47)    AC:  8    Str: 14    XL:     5   Next: 94%
MP:   7/7           EV: 12    Int: 11    God:    Xom [..*...]
Gold: 40            SH:  0    Dex: 11    Spells: 7/7 levels left

rFire   . . .      SeeInvis .   a - +0 short sword (chaos)
rCold   . . .      Faith    .   (no shield)
rNeg    . . .      Spirit   .   b - +2 leather armour
rPois   .          Reflect  .   (no helmet)
rElec   .          Harm     .   (no cloak)
rCorr   .          Rampage  .   (no gloves)
Will    .....                   c - +2 pair of boots
Stlth   +.........              (no amulet)
HPRegen 0.15/turn               (no ring)
MPRegen 0.10/turn               (no ring)

@: lightly drained
A: fangs 1, strong nose, distributed training
a: Renounce Religion


You were on level 2 of the Dungeon.
You worshipped Xom.
You were a toy of Xom.
You visited 1 branch of the dungeon, and saw 2 of its levels.

You collected 40 gold pieces.

Inventory:

Hand Weapons
 a - a +0 short sword of chaos (weapon)
Missiles
 f - 34 arrows
 i - 5 sling bullets
 o - 19 bolts
 p - 27 stones (quivered)
Armour
 b - a +2 leather armour (worn)
 c - a +2 pair of boots (worn)
Magical Staves
 e - a staff of fire
Scrolls
 d - a scroll of teleportation {unknown}
 j - a scroll of enchant armour {unknown}
 n - a scroll of immolation {unknown}
Potions
 g - a potion of degeneration {unknown}
 h - a potion of lignification {unknown}
 k - a potion of brilliance {unknown}
 l - 2 potions of might {unknown}
 m - a potion of attraction {unknown}


   Skills:
 + Level 6.7 Fighting
 + Level 6.7 Short Blades
 + Level 1.7 Long Blades
 + Level 1.7 Axes
 + Level 1.7 Maces & Flails
 + Level 1.7 Polearms
 + Level 1.7 Staves
 + Level 1.7 Slings
 + Level 1.7 Bows
 + Level 1.7 Crossbows
 + Level 1.7 Throwing
 + Level 4.9 Armour
 + Level 3.1 Dodging
 + Level 1.7 Stealth
 + Level 1.7 Shields
 + Level 1.7 Unarmed Combat
 + Level 1.7 Spellcasting
 + Level 1.3 Conjurations
 + Level 1.3 Hexes
 + Level 1.3 Summonings
 + Level 1.3 Necromancy
 + Level 1.3 Translocations
 + Level 1.3 Transmutations
 + Level 1.3 Fire Magic
 + Level 1.3 Ice Magic
 + Level 1.3 Air Magic
 + Level 1.3 Earth Magic
 + Level 1.3 Poison Magic
 + Level 1.9 Invocations
 + Level 1.7 Evocations


You had 7 spell levels left.
You didn't know any spells.
Your spell library was empty.

Dungeon Overview and Level Annotations

Branches:
Dungeon (2/15)

Altars:

Annotations:
D:2 Crazy Yiuf


Innate Abilities, Weirdness & Mutations

You have very sharp teeth.
Your uncanny sense of smell can sniff out nearby items.
Your experience applies equally to all skills.


Message History

Your Poison Magic skill increases to level 1!
You have reached level 5!
Things that are here:
a +0 scythe; a +0 robe You start resting.
Magic restored.
You start resting.
HP restored.
Things that are here:
a +0 scythe; a +0 robe
Found a mace.
Found a runed translucent door.
Crazy Yiuf shouts!
You open the door. You closely miss Crazy Yiuf.
Xom plays with reality for a moment.
Crazy Yiuf misses you.
You barely miss Crazy Yiuf.
Crazy Yiuf hits you with a +4 quarterstaff of chaos!
You emit a cloud of colourful smoke!
Your hound bites Crazy Yiuf.
Unknown command.
You hit Crazy Yiuf but do no damage.
Crazy Yiuf seems to speed up.
Crazy Yiuf is lightly wounded.
Crazy Yiuf hits you with a +4 quarterstaff of chaos!
You feel drained.
Your hound barely misses Crazy Yiuf.
Unknown command.
You closely miss Crazy Yiuf.
Crazy Yiuf is lightly wounded.
Crazy Yiuf hits you with a +4 quarterstaff of chaos.
Your hound barely misses Crazy Yiuf.
You hit Crazy Yiuf but do no damage.
Crazy Yiuf is lightly wounded.
Crazy Yiuf hits you with a +4 quarterstaff of chaos.
You are electrocuted!
* * * LOW HITPOINT WARNING * * *
Your hound bites Crazy Yiuf but does no damage.
You hit Crazy Yiuf but do no damage. You bite Crazy Yiuf.
Crazy Yiuf is lightly wounded.
Crazy Yiuf hits you with a +4 quarterstaff of chaos!
You die...

#####...# #...............≈P.≈
...##...#####............#...####
..............#.........##..#####
........##################..###..
........# #.........
...÷...[##♣♣♣♣♣ #.........
............♣.♣♣♣ ### #........#
...##........♣§§♣#§..# #.........
######......♣♣♣♣@g...# #........#
#.)....♣♣ ♣♣#h.)# #......^.#
####...##♣♣ ### #.........
##....### #.......[# ...####
#......... ..## #......... ### ∆
...######. ... #. . #.


You could see Crazy Yiuf (fast, ally target) and a friendly hound (summoned).

Vanquished Creatures
  Sigmund (D:2)
  2 adders (D:2)
  An adder skeleton (D:2)
  A worm (D:2)
  A ball python (D:2)
  2 bats
  3 endoplasms (D:1)
  A giant cockroach (D:2)
  5 goblins
  5 hobgoblins
  3 quokkas
  3 frilled lizards
  2 kobolds (D:2)
  3 rats
33 creatures vanquished.

Notes
Turn   | Place    | Note
-------+----------+-------------------------------------------
     0 | D:1      | Ablot the Gnoll Chaos Knight began the quest for the Orb.
     0 | D:1      | Reached XP level 1. HP: 23/23 MP: 1/1
   113 | D:1      | Reached XP level 2. HP: 28/29 MP: 2/2
   152 | D:1      | XOM: silly message
   246 | D:1      | Found a faded altar of an unknown god.
   393 | D:1      | XOM: confuse monster(s)
   441 | D:1      | XOM: divination: detect creatures
   576 | D:1      | XOM: silly message
   648 | D:2      | Reached XP level 3. HP: 35/35 MP: 3/3
   810 | D:2      | XOM: divination: magic mapping
   843 | D:2      | Reached skill level 1 in Invocations
   917 | D:2      | XOM: cloud trail
   921 | D:2      | XOM: god gift: scroll labelled PAOMME YTHISU {god gift}
  1032 | D:2      | Reached skill level 1 in Long Blades
  1032 | D:2      | Reached skill level 1 in Axes
  1032 | D:2      | Reached skill level 1 in Maces & Flails
  1032 | D:2      | Reached skill level 1 in Polearms
  1032 | D:2      | Reached skill level 1 in Staves
  1032 | D:2      | Reached skill level 1 in Slings
  1032 | D:2      | Reached skill level 1 in Bows
  1032 | D:2      | Reached skill level 1 in Crossbows
  1032 | D:2      | Reached skill level 1 in Throwing
  1032 | D:2      | Reached skill level 1 in Stealth
  1032 | D:2      | Reached skill level 1 in Shields
  1032 | D:2      | Reached skill level 1 in Unarmed Combat
  1032 | D:2      | Reached skill level 1 in Spellcasting
  1032 | D:2      | Reached skill level 1 in Evocations
  1032 | D:2      | Reached XP level 4. HP: 39/41 MP: 5/5
  1045 | D:2      | Noticed Sigmund
  1062 | D:2      | Killed Sigmund
  1063 | D:2      | Reached skill level 1 in Conjurations
  1063 | D:2      | Reached skill level 1 in Hexes
  1063 | D:2      | Reached skill level 1 in Summonings
  1063 | D:2      | Reached skill level 1 in Necromancy
  1063 | D:2      | Reached skill level 1 in Translocations
  1063 | D:2      | Reached skill level 1 in Transmutations
  1063 | D:2      | Reached skill level 1 in Fire Magic
  1063 | D:2      | Reached skill level 1 in Ice Magic
  1063 | D:2      | Reached skill level 1 in Air Magic
  1063 | D:2      | Reached skill level 1 in Earth Magic
  1063 | D:2      | Reached skill level 1 in Poison Magic
  1063 | D:2      | Reached XP level 5. HP: 14/47 MP: 5/7
  1299 | D:2      | Found a runed translucent door.
  1300 | D:2      | Noticed Crazy Yiuf
  1304 | D:2      | XOM: cast spell 'Call Canine Familiar'
  1305 | D:2      | XOM: smoke on damage
  1309 | D:2      | Slain by Crazy Yiuf

Illustrated notes

Levels and vault maps discovered:
D:1:      dpeg_arrival_boxes_within_box, layout_rooms,
          chequers_ecumenical_altar_island
D:2:      layout_rooms, serial_shops, shop, serial_bayou_pond_c, uniq_sigmund,
          uniq_crazy_yiuf_cottage

Skill      XL: |  1  2  3  4 |
---------------+-------------+-----
Invocations    | 1 |  1.9
Long Blades    | 1 |  1.7
Axes           | 1 |  1.7
Maces & Flails | 1 |  1.7
Polearms       | 1 |  1.7
Staves         | 1 |  1.7
Slings         | 1 |  1.7
Bows           | 1 |  1.7
Crossbows      | 1 |  1.7
Throwing       | 1 |  1.7
Stealth        | 1 |  1.7
Shields        | 1 |  1.7
Unarmed Combat | 1 |  1.7
Spellcasting   | 1 |  1.7
Evocations     | 1 |  1.7
Dodging        | 3 |  3.1
Conjurations   | 1 |  1.3
Hexes          | 1 |  1.3
Summonings     | 1 |  1.3
Necromancy     | 1 |  1.3
Translocations | 1 |  1.3
Transmutations | 1 |  1.3
Fire Magic     | 1 |  1.3
Ice Magic      | 1 |  1.3
Air Magic      | 1 |  1.3
Earth Magic    | 1 |  1.3
Poison Magic   | 1 |  1.3
Fighting       | |  6.7
Short Blades   | |  6.7
Armour         | |  4.9

Action                   |  1- 3 |  4- 6 || total
-------------------------+-------+-------++-------
Melee: Short sword       |   103 |    22 ||   125
       Bite              |     7 |     2 ||     9
       Punch             |     4 |       ||     4
Armor: Leather armour    |    40 |     3 ||    43
Dodge: Dodged            |    47 |     3 ||    50
